Workbook

Sheet 登録リスト
B1: 図書ID | C1: 登録番号 | D1: 書名※ | E1: 巻次 | F1: 叢書名 | G1: 著者 | H1: 出版地 | I1: 出版社 | J1: 出版年 | K1: ページ数 | L1: サイズ | M1: 分類 | N1: ISBN | O1: 配架場所 | P1: 状態 | Q1: 公開日時※ | R1: 終了日時 | S1: 管理用コメント
B2: 2 | D2: 「台湾時報」総目録 | F2: 中島利郎 | J2: =IFERROR(VLOOKUP(B2,出版年!A:B,2,FALSE),"") -> 1997 | N2: =IFERROR(VLOOKUP(B2,図書分類!A:B,2,FALSE),"") -> 図書分類 ＞ 総記 | O2: 一般 | P2: 0 | Q2: 43157
B3: 16204 | D3: 館藏臺灣文獻期刊論文索引 | G3: 國立中央圖書館臺灣分館 | J3: =IFERROR(VLOOKUP(B3,出版年!A:B,2,FALSE),"") -> 1999 | N3: =IFERROR(VLOOKUP(B3,図書分類!A:B,2,FALSE),"") -> 図書分類 ＞ 総記 | O3: 一般 | P3: 0 | Q3: 43157
B4: 16205 | D4: 旧植民地関係機関刊行物総合目録 台湾編 | G4: ｱｼﾞｱ経済研究所 | J4: =IFERROR(VLOOKUP(B4,出版年!A:B,2,FALSE),"") -> 1973 | N4: =IFERROR(VLOOKUP(B4,図書分類!A:B,2,FALSE),"") -> 図書分類 ＞ 総記 | O4: 一般 | P4: 0 | Q4: 43157
B5: 16206 | D5: 国会図書館所蔵中国語・ 朝鮮語雑誌新聞目録 | G5: 国立国会図書館 | J5: =IFERROR(VLOOKUP(B5,出版年!A:B,2,FALSE),"") -> 1986 | N5: =IFERROR(VLOOKUP(B5,図書分類!A:B,2,FALSE),"") -> 図書分類 ＞ 総記 | O5: 一般 | P5: 0 | Q5: 43157
B6: 16207 | D6: 図書総目録 | G6: 塩見俊二編 | J6: =IFERROR(VLOOKUP(B6,出版年!A:B,2,FALSE),"") -> 1970 | N6: =IFERROR(VLOOKUP(B6,図書分類!A:B,2,FALSE),"") -> 図書分類 ＞ 総記 | O6: 一般 | P6: 0 | Q6: 43157
B7: 16208 | D7: 台湾関係図書目録 1997 | G7: 交流協会日台交流センター | J7: =IFERROR(VLOOKUP(B7,出版年!A:B,2,FALSE),"") -> 1998 | N7: =IFERROR(VLOOKUP(B7,図書分類!A:B,2,FALSE),"") -> 図書分類 ＞ 総記 | O7: 一般 | P7: 0 | Q7: 43157
B8: 16209 | D8: 台湾関係文献資料目録 河原功蔵書 | G8: 河原 功 | J8: =IFERROR(VLOOKUP(B8,出版年!A:B,2,FALSE),"") -> 1994 | N8: =IFERROR(VLOOKUP(B8,図書分類!A:B,2,FALSE),"") -> 図書分類 ＞ 総記 | O8: 一般 | P8: 0 | Q8: 43157
B9: 16210 | D9: 淡水工商管理学院臺灣文學資料館典蔵目録 | G9: 葉 能哲 | J9: =IFERROR(VLOOKUP(B9,出版年!A:B,2,FALSE),"") -> 1999 | N9: =IFERROR(VLOOKUP(B9,図書分類!A:B,2,FALSE),"") -> 図書分類 ＞ 総記 | O9: 一般 | P9: 0 | Q9: 43157
B10: 16211 | D10: 朝鮮関係文献資料 総目録 | G10: 近藤釼一 | J10: =IFERROR(VLOOKUP(B10,出版年!A:B,2,FALSE),"") -> 1961 | N10: =IFERROR(VLOOKUP(B10,図書分類!A:B,2,FALSE),"") -> 図書分類 ＞ 総記 | O10: 一般 | P10: 0 | Q10: 43157
B11: 16212 | D11: 内田嘉吉文庫稀▲集覧 | G11: 内田嘉吉記念事業 | J11: =IFERROR(VLOOKUP(B11,出版年!A:B,2,FALSE),"") -> 1936 | N11: =IFERROR(VLOOKUP(B11,図書分類!A:B,2,FALSE),"") -> 図書分類 ＞ 総記 | O11: 一般 | P11: 0 | Q11: 43157
B12: 16213 | D12: 南方文献目録 | G12: 日本拓殖協會 | J12: =IFERROR(VLOOKUP(B12,出版年!A:B,2,FALSE),"") -> 1942 | N12: =IFERROR(VLOOKUP(B12,図書分類!A:B,2,FALSE),"") -> 図書分類 ＞ 総記 | O12: 一般 | P12: 0 | Q12: 43157
B13: 16214 | D13: 南方文献目録ー増補 | G13: 日本拓殖協會 | J13: =IFERROR(VLOOKUP(B13,出版年!A:B,2,FALSE),"") -> 1944 | N13: =IFERROR(VLOOKUP(B13,図書分類!A:B,2,FALSE),"") -> 図書分類 ＞ 総記 | O13: 一般 | P13: 0 | Q13: 43157
B14: 16215 | D14: 南洋文献目録 | G14: 太平洋協會 | J14: =IFERROR(VLOOKUP(B14,出版年!A:B,2,FALSE),"") -> 1941 | N14: =IFERROR(VLOOKUP(B14,図書分類!A:B,2,FALSE),"") -> 図書分類 ＞ 総記 | O14: 一般 | P14: 0 | Q14: 43157
... B22: 16223 | D22: ホルモオサア | G22: 山口 惇 | J22: =IFERROR(VLOOKUP(B22,出版年!A:B,2,FALSE),"") -> 1996 | N22: =IFERROR(VLOOKUP(B22,図書分類!A:B,2,FALSE),"") -> 図書分類 ＞ 総記 | O22: 一般 | P22: 0 | Q22: 43157
B23: 16224 | D23: 台湾教育余話 | J23: =IFERROR(VLOOKUP(B23,出版年!A:B,2,FALSE),"") | N23: =IFERROR(VLOOKUP(B23,図書分類!A:B,2,FALSE),"") -> 図書分類 ＞ 総記 | O23: 一般 | P23: 0 | Q23: 43157
B24: 16225 | D24: 中日思惟差異 | G24: 國立台灣台學綜合研究中心 | J24: =IFERROR(VLOOKUP(B24,出版年!A:B,2,FALSE),"") -> 1994 | N24: =IFERROR(VLOOKUP(B24,図書分類!A:B,2,FALSE),"") -> 図書分類 ＞ 総記 | O24: 一般 | P24: 0 | Q24: 43157
B25: 16226 | D25: 中日文化差異検討會論文集 | G25: 許 介鱗 | J25: =IFERROR(VLOOKUP(B25,出版年!A:B,2,FALSE),"") -> 1992 | N25: =IFERROR(VLOOKUP(B25,図書分類!A:B,2,FALSE),"") -> 図書分類 ＞ 総記 | O25: 一般 | P25: 0 | Q25: 43157
B26: 16227 | D26: 日本々國民に與ふ | G26: 蔡 培火 | J26: =IFERROR(VLOOKUP(B26,出版年!A:B,2,FALSE),"") -> 1928 | N26: =IFERROR(VLOOKUP(B26,図書分類!A:B,2,FALSE),"") -> 図書分類 ＞ 総記 | O26: 一般 | P26: 0 | Q26: 43157
B27: 16228 | D27: 八甲会誌 | G27: 宮城八甲会 | J27: =IFERROR(VLOOKUP(B27,出版年!A:B,2,FALSE),"") -> 1977 | N27: =IFERROR(VLOOKUP(B27,図書分類!A:B,2,FALSE),"") -> 図書分類 ＞ 総記 | O27: 一般 | P27: 0 | Q27: 43157
B28: 16229 | D28: ｱｼﾞｱ動向年報1971 | G28: ｱｼﾞｱ経済研究所 | J28: =IFERROR(VLOOKUP(B28,出版年!A:B,2,FALSE),"") -> 1971 | N28: =IFERROR(VLOOKUP(B28,図書分類!A:B,2,FALSE),"") -> 図書分類 ＞ 総記 | O28: 一般 | P28: 0 | Q28: 43157
B29: 16230 | D29: 旬刊台新 第１巻 | G29: 河原 功 監修 | J29: =IFERROR(VLOOKUP(B29,出版年!A:B,2,FALSE),"") -> 1999 | N29: =IFERROR(VLOOKUP(B29,図書分類!A:B,2,FALSE),"") -> 図書分類 ＞ 総記 | O29: 一般 | P29: 0 | Q29: 43157
B30: 16231 | D30: 旬刊台新 第２巻 | G30: 河原 功 監修 | J30: =IFERROR(VLOOKUP(B30,出版年!A:B,2,FALSE),"") -> 1999 | N30: =IFERROR(VLOOKUP(B30,図書分類!A:B,2,FALSE),"") -> 図書分類 ＞ 総記 | O30: 一般 | P30: 0 | Q30: 43157
B31: 16232 | D31: 旬刊台新 別冊 解題･総目次･索引 | G31: 河原 功 監修 | J31: =IFERROR(VLOOKUP(B31,出版年!A:B,2,FALSE),"") -> 1999 | N31: =IFERROR(VLOOKUP(B31,図書分類!A:B,2,FALSE),"") -> 図書分類 ＞ 総記 | O31: 一般 | P31: 0 | Q31: 43157
B32: 16233 | D32: 太平洋地域研究所 研究紀要 1 | G32: 太平洋地域研究所 | J32: =IFERROR(VLOOKUP(B32,出版年!A:B,2,FALSE),"") -> 1990 | N32: =IFERROR(VLOOKUP(B32,図書分類!A:B,2,FALSE),"") -> 図書分類 ＞ 総記 | O32: 一般 | P32: 0 | Q32: 43157
B33: 16234 | D33: 台湾年鑑 1973年度版 | G33: 台湾問題研究所 | J33: =IFERROR(VLOOKUP(B33,出版年!A:B,2,FALSE),"") -> 1973 | N33: =IFERROR(VLOOKUP(B33,図書分類!A:B,2,FALSE),"") -> 図書分類 ＞ 総記 | O33: 一般 | P33: 0 | Q33: 43157
B34: 16235 | D34: China Yearbook 1958～59 | G34: China Publising Co. | J34: =IFERROR(VLOOKUP(B34,出版年!A:B,2,FALSE),"") -> 1958 | N34: =IFERROR(VLOOKUP(B34,図書分類!A:B,2,FALSE),"") -> 図書分類 ＞ 総記 | O34: 江藤文庫 | P34: 0 | Q34: 43157
B35: 16236 | D35: China Yearbook 1962～63 | G35: China Publising Co. | J35: =IFERROR(VLOOKUP(B35,出版年!A:B,2,FALSE),"") -> 1962 | N35: =IFERROR(VLOOKUP(B35,図書分類!A:B,2,FALSE),"") -> 図書分類 ＞ 総記 | O35: 江藤文庫 | P35: 0 | Q35: 43157
... B1956: 18157 | D1956: 臺灣繪本 | G1956: 西川 満 | J1956: =IFERROR(VLOOKUP(B1956,出版年!A:B,2,FALSE),"") -> 1943 | N1956: =IFERROR(VLOOKUP(B1956,図書分類!A:B,2,FALSE),"") -> 図書分類 ＞ 芸術 | O1956: 一般 | P1956: 0 | Q1956: 43157
B1957: 18158 | D1957: 大津絵 | J1957: =IFERROR(VLOOKUP(B1957,出版年!A:B,2,FALSE),"") | N1957: =IFERROR(VLOOKUP(B1957,図書分類!A:B,2,FALSE),"") -> 図書分類 ＞ 芸術 | O1957: 江藤文庫 | P1957: 0 | Q1957: 43157
B1958: 18159 | D1958: 臺灣繪本 | G1958: 西川 満 | J1958: =IFERROR(VLOOKUP(B1958,出版年!A:B,2,FALSE),"") -> 1943 | N1958: =IFERROR(VLOOKUP(B1958,図書分類!A:B,2,FALSE),"") -> 図書分類 ＞ 芸術 | O1958: 西川文庫 | P1958: 0 | Q1958: 43157
B1959: 18160 | D1959: 臺灣拓殖画帖 | G1959: 臺灣商報社 | J1959: =IFERROR(VLOOKUP(B1959,出版年!A:B,2,FALSE),"") -> 1918 | N1959: =IFERROR(VLOOKUP(B1959,図書分類!A:B,2,FALSE),"") -> 図書分類 ＞ 芸術 | O1959: 一般 | P1959: 0 | Q1959: 43157
B1960: 18161 | D1960: 臺灣名所寫真帖 | G1960: 臺灣商報社 | J1960: =IFERROR(VLOOKUP(B1960,出版年!A:B,2,FALSE),"") -> 1899 | N1960: =IFERROR(VLOOKUP(B1960,図書分類!A:B,2,FALSE),"") -> 図書分類 ＞ 芸術 | O1960: 一般 | P1960: 0 | Q1960: 43157
B1961: 18162 | D1961: 児玉総督凱旋歓迎記念冩真帖 | G1961: 臺灣日日新報社 | J1961: =IFERROR(VLOOKUP(B1961,出版年!A:B,2,FALSE),"") -> 1906 | N1961: =IFERROR(VLOOKUP(B1961,図書分類!A:B,2,FALSE),"") -> 図書分類 ＞ 芸術 | O1961: 江藤文庫 | P1961: 0 | Q1961: 43157
B1962: 18163 | D1962: 新しい台湾 | G1962: ｱｻﾋ写真ﾌﾞｯｸ | J1962: =IFERROR(VLOOKUP(B1962,出版年!A:B,2,FALSE),"") -> 1958 | N1962: =IFERROR(VLOOKUP(B1962,図書分類!A:B,2,FALSE),"") -> 図書分類 ＞ 芸術 | O1962: 江藤文庫 | P1962: 0 | Q1962: 43157
B1963: 18164 | D1963: 大タロコ景観 | G1963: 片山冩真館 | J1963: =IFERROR(VLOOKUP(B1963,出版年!A:B,2,FALSE),"") -> 1935 | N1963: =IFERROR(VLOOKUP(B1963,図書分類!A:B,2,FALSE),"") -> 図書分類 ＞ 芸術 | O1963: 江藤文庫 | P1963: 0 | Q1963: 43157
B1964: 18165 | D1964: 南方の據点・臺灣 | G1964: 朝日新聞社 | J1964: =IFERROR(VLOOKUP(B1964,出版年!A:B,2,FALSE),"") -> 1944 | N1964: =IFERROR(VLOOKUP(B1964,図書分類!A:B,2,FALSE),"") -> 図書分類 ＞ 芸術 | O1964: 江藤文庫 | P1964: 0 | Q1964: 43157
B1965: 18166 | D1965: 冩真帖 | G1965: 臺灣銀行 | J1965: =IFERROR(VLOOKUP(B1965,出版年!A:B,2,FALSE),"") -> 1916 | N1965: =IFERROR(VLOOKUP(B1965,図書分類!A:B,2,FALSE),"") -> 図書分類 ＞ 芸術 | O1965: 江藤文庫 | P1965: 0 | Q1965: 43157
B1966: 18167 | D1966: 臺北冩真帖 | G1966: 村崎 長 | J1966: =IFERROR(VLOOKUP(B1966,出版年!A:B,2,FALSE),"") -> 1913 | N1966: =IFERROR(VLOOKUP(B1966,図書分類!A:B,2,FALSE),"") -> 図書分類 ＞ 芸術 | O1966: 江藤文庫 | P1966: 0 | Q1966: 43157
B1967: 18168 | D1967: 臺灣国立公園冩真集 | G1967: 臺灣国立公園協会 | J1967: =IFERROR(VLOOKUP(B1967,出版年!A:B,2,FALSE),"") -> 1934 | N1967: =IFERROR(VLOOKUP(B1967,図書分類!A:B,2,FALSE),"") -> 図書分類 ＞ 芸術 | O1967: 江藤文庫 | P1967: 0 | Q1967: 43157
B1968: 18169 | D1968: 臺灣写真帖 | G1968: 臺灣総督府 官房文書課 | J1968: =IFERROR(VLOOKUP(B1968,出版年!A:B,2,FALSE),"") -> 1908 | N1968: =IFERROR(VLOOKUP(B1968,図書分類!A:B,2,FALSE),"") -> 図書分類 ＞ 芸術 | O1968: 江藤文庫 | P1968: 0 | Q1968: 43157
B1969: 18170 | D1969: 臺灣冩真大観 | G1969: 桑子政彦 | J1969: =IFERROR(VLOOKUP(B1969,出版年!A:B,2,FALSE),"") -> 1933 | N1969: =IFERROR(VLOOKUP(B1969,図書分類!A:B,2,FALSE),"") -> 図書分類 ＞ 芸術 | O1969: 江藤文庫 | P1969: 0 | Q1969: 43157
... B2158: 18359 | D2158: 台湾に革命が起きる日 | G2158: 鈴木 明 | J2158: =IFERROR(VLOOKUP(B2158,出版年!A:B,2,FALSE),"") -> 1990 | N2158: =IFERROR(VLOOKUP(B2158,図書分類!A:B,2,FALSE),"") -> 図書分類 ＞ 文学 | O2158: 一般 | P2158: 0 | Q2158: 43157
B2159: 18360 | D2159: 台湾のいもっ子 | G2159: 蔡 徳本 | I2159: 集英社 | J2159: =IFERROR(VLOOKUP(B2159,出版年!A:B,2,FALSE),"") -> 1994 | N2159: =IFERROR(VLOOKUP(B2159,図書分類!A:B,2,FALSE),"") -> 図書分類 ＞ 文学 | O2159: 一般 | P2159: 0 | Q2159: 43157
B2160: 18361 | D2160: 台湾の日本語文学 | G2160: 垂水千恵 | J2160: =IFERROR(VLOOKUP(B2160,出版年!A:B,2,FALSE),"") -> 1995 | N2160: =IFERROR(VLOOKUP(B2160,図書分類!A:B,2,FALSE),"") -> 図書分類 ＞ 文学 | O2160: 一般 | P2160: 0 | Q2160: 43157
B2161: 18362 | D2161: 台湾への架け橋 | G2161: 山本良一編 | J2161: =IFERROR(VLOOKUP(B2161,出版年!A:B,2,FALSE),"") -> 1981 | N2161: =IFERROR(VLOOKUP(B2161,図書分類!A:B,2,FALSE),"") -> 図書分類 ＞ 文学 | O2161: 一般 | P2161: 0 | Q2161: 43157
B2162: 18363 | D2162: 台湾への架け橋－続 | G2162: 山本良一編 | J2162: =IFERROR(VLOOKUP(B2162,出版年!A:B,2,FALSE),"") -> 1983 | N2162: =IFERROR(VLOOKUP(B2162,図書分類!A:B,2,FALSE),"") -> 図書分類 ＞ 文学 | O2162: 一般 | P2162: 0 | Q2162: 43157
B2163: 18364 | D2163: 台湾ﾗﾌﾟｿﾃﾞｰ | G2163: 片桐雙觀 | J2163: =IFERROR(VLOOKUP(B2163,出版年!A:B,2,FALSE),"") -> 1990 | N2163: =IFERROR(VLOOKUP(B2163,図書分類!A:B,2,FALSE),"") -> 図書分類 ＞ 文学 | O2163: 一般 | P2163: 0 | Q2163: 43157
B2164: 18365 | D2164: 台湾をふりかえれ | G2164: 雷樹水･鍋山貞観 | J2164: =IFERROR(VLOOKUP(B2164,出版年!A:B,2,FALSE),"") -> 1974 | N2164: =IFERROR(VLOOKUP(B2164,図書分類!A:B,2,FALSE),"") -> 図書分類 ＞ 文学 | O2164: 一般 | P2164: 0 | Q2164: 43157
B2165: 18366 | D2165: 台湾を愛す | G2165: 宮本直人 | J2165: =IFERROR(VLOOKUP(B2165,出版年!A:B,2,FALSE),"") -> 1998 | N2165: =IFERROR(VLOOKUP(B2165,図書分類!A:B,2,FALSE),"") -> 図書分類 ＞ 文学 | O2165: 一般 | P2165: 0 | Q2165: 43157
B2166: 18367 | D2166: 台湾引揚げまでの思い出 | G2166: 富田奈美 | J2166: =IFERROR(VLOOKUP(B2166,出版年!A:B,2,FALSE),"") -> 1976 | N2166: =IFERROR(VLOOKUP(B2166,図書分類!A:B,2,FALSE),"") -> 図書分類 ＞ 文学 | O2166: 一般 | P2166: 0 | Q2166: 43157
B2167: 18368 | D2167: 台湾海峡 | G2167: 王 育徳 | J2167: =IFERROR(VLOOKUP(B2167,出版年!A:B,2,FALSE),"") -> 1983 | N2167: =IFERROR(VLOOKUP(B2167,図書分類!A:B,2,FALSE),"") -> 図書分類 ＞ 文学 | O2167: 一般 | P2167: 0 | Q2167: 43157
B2168: 18369 | D2168: 台湾欺かざるの記 | G2168: 伊藤金次郎 | J2168: =IFERROR(VLOOKUP(B2168,出版年!A:B,2,FALSE),"") -> 1948 | N2168: =IFERROR(VLOOKUP(B2168,図書分類!A:B,2,FALSE),"") -> 図書分類 ＞ 文学 | O2168: 一般 | P2168: 0 | Q2168: 43157
B2169: 18370 | D2169: 台湾新文学と魯迅 | G2169: 中島利郎編 | J2169: =IFERROR(VLOOKUP(B2169,出版年!A:B,2,FALSE),"") -> 1997 | N2169: =IFERROR(VLOOKUP(B2169,図書分類!A:B,2,FALSE),"") -> 図書分類 ＞ 文学 | O2169: 一般 | P2169: 0 | Q2169: 43157
B2170: 18371 | D2170: 台湾人と日本人 | G2170: 田村志津枝 | J2170: =IFERROR(VLOOKUP(B2170,出版年!A:B,2,FALSE),"") -> 1996 | N2170: =IFERROR(VLOOKUP(B2170,図書分類!A:B,2,FALSE),"") -> 図書分類 ＞ 文学 | O2170: 一般 | P2170: 0 | Q2170: 43157
B2171: 18372 | D2171: 台湾総督府炎上 | G2171: 謝 新發 | J2171: =IFERROR(VLOOKUP(B2171,出版年!A:B,2,FALSE),"") -> 1987 | N2171: =IFERROR(VLOOKUP(B2171,図書分類!A:B,2,FALSE),"") -> 図書分類 ＞ 文学 | O2171: 一般 | P2171: 0 | Q2171: 43157
... B2284: 18485 | D2284: 竹塹文風 | G2284: 郭 正民 | J2284: =IFERROR(VLOOKUP(B2284,出版年!A:B,2,FALSE),"") -> 1961 | N2284: =IFERROR(VLOOKUP(B2284,図書分類!A:B,2,FALSE),"") -> 図書分類 ＞ 文学 | O2284: 江藤文庫 | P2284: 0 | Q2284: 43157
B2285: 18486 | D2285: 通俗台湾軍談 義 | J2285: =IFERROR(VLOOKUP(B2285,出版年!A:B,2,FALSE),"") | N2285: =IFERROR(VLOOKUP(B2285,図書分類!A:B,2,FALSE),"") -> 図書分類 ＞ 文学 | O2285: 江藤文庫 | P2285: 0 | Q2285: 43157
B2286: 18487 | D2286: 通俗台湾軍談 信 | J2286: =IFERROR(VLOOKUP(B2286,出版年!A:B,2,FALSE),"") | N2286: =IFERROR(VLOOKUP(B2286,図書分類!A:B,2,FALSE),"") -> 図書分類 ＞ 文学 | O2286: 江藤文庫 | P2286: 0 | Q2286: 43157
B2287: 18488 | D2287: 通俗台湾軍談 仁 | J2287: =IFERROR(VLOOKUP(B2287,出版年!A:B,2,FALSE),"") | N2287: =IFERROR(VLOOKUP(B2287,図書分類!A:B,2,FALSE),"") -> 図書分類 ＞ 文学 | O2287: 江藤文庫 | P2287: 0 | Q2287: 43157
B2288: 18489 | D2288: 通俗台湾軍談 智 | J2288: =IFERROR(VLOOKUP(B2288,出版年!A:B,2,FALSE),"") | N2288: =IFERROR(VLOOKUP(B2288,図書分類!A:B,2,FALSE),"") -> 図書分類 ＞ 文学 | O2288: 江藤文庫 | P2288: 0 | Q2288: 43157
B2289: 18490 | D2289: 通俗台湾軍談 禮 | J2289: =IFERROR(VLOOKUP(B2289,出版年!A:B,2,FALSE),"") | N2289: =IFERROR(VLOOKUP(B2289,図書分類!A:B,2,FALSE),"") -> 図書分類 ＞ 文学 | O2289: 江藤文庫 | P2289: 0 | Q2289: 43157
B2290: 18491 | D2290: 豆腐の澤 | G2290: 林 安繁 | J2290: =IFERROR(VLOOKUP(B2290,出版年!A:B,2,FALSE),"") -> 1938 | N2290: =IFERROR(VLOOKUP(B2290,図書分類!A:B,2,FALSE),"") -> 図書分類 ＞ 文学 | O2290: 江藤文庫 | P2290: 0 | Q2290: 43157
B2291: 18492 | D2291: 南方記 | G2291: 新村出 | J2291: =IFERROR(VLOOKUP(B2291,出版年!A:B,2,FALSE),"") -> 1943 | N2291: =IFERROR(VLOOKUP(B2291,図書分類!A:B,2,FALSE),"") -> 図書分類 ＞ 文学 | O2291: 江藤文庫 | P2291: 0 | Q2291: 43157
B2292: 18493 | D2292: 蕃人ライサ | G2292: 山部歌津子 | J2292: =IFERROR(VLOOKUP(B2292,出版年!A:B,2,FALSE),"") -> 1931 | N2292: =IFERROR(VLOOKUP(B2292,図書分類!A:B,2,FALSE),"") -> 図書分類 ＞ 文学 | O2292: 江藤文庫 | P2292: 0 | Q2292: 43157
B2293: 18494 | D2293: 霧社事件実記 | G2293: 小池駒吉・ 五十嵐石松 | J2293: =IFERROR(VLOOKUP(B2293,出版年!A:B,2,FALSE),"") -> 1931 | N2293: =IFERROR(VLOOKUP(B2293,図書分類!A:B,2,FALSE),"") -> 図書分類 ＞ 文学 | O2293: 江藤文庫 | P2293: 0 | Q2293: 43157
B2294: 18495 | D2294: 木村泰治遺歌集 | G2294: 木村昇平 | J2294: =IFERROR(VLOOKUP(B2294,出版年!A:B,2,FALSE),"") -> 1967 | N2294: =IFERROR(VLOOKUP(B2294,図書分類!A:B,2,FALSE),"") -> 図書分類 ＞ 文学 | O2294: 江藤文庫 | P2294: 0 | Q2294: 43157
B2295: 18496 | D2295: 國性爺後日物語 | G2295: 鹿島桜巷 | J2295: =IFERROR(VLOOKUP(B2295,出版年!A:B,2,FALSE),"") -> 1914 | N2295: =IFERROR(VLOOKUP(B2295,図書分類!A:B,2,FALSE),"") -> 図書分類 ＞ 文学 | O2295: 江藤文庫 | P2295: 0 | Q2295: 43157
B2296: 18497 | D2296: 圖南遊記 | G2296: 梶原保人 | J2296: =IFERROR(VLOOKUP(B2296,出版年!A:B,2,FALSE),"") -> 1913 | N2296: =IFERROR(VLOOKUP(B2296,図書分類!A:B,2,FALSE),"") -> 図書分類 ＞ 文学 | O2296: 江藤文庫 | P2296: 0 | Q2296: 43157
B2297: 18498 | D2297: 臺灣 創刊号 | G2297: 野田鹿雄 | J2297: =IFERROR(VLOOKUP(B2297,出版年!A:B,2,FALSE),"") -> 1940 | N2297: =IFERROR(VLOOKUP(B2297,図書分類!A:B,2,FALSE),"") -> 図書分類 ＞ 文学 | O2297: 江藤文庫 | P2297: 0 | Q2297: 43157
B2298: 18499 | D2298: 臺灣絵本 | G2298: 西川 満 | J2298: =IFERROR(VLOOKUP(B2298,出版年!A:B,2,FALSE),"") -> 1943 | N2298: =IFERROR(VLOOKUP(B2298,図書分類!A:B,2,FALSE),"") -> 図書分類 ＞ 文学 | O2298: 江藤文庫 | P2298: 0 | Q2298: 43157
B2299: 18500 | D2299: 臺灣外記ー名國性爺全 | G2299: 染崎延房 | J2299: =IFERROR(VLOOKUP(B2299,出版年!A:B,2,FALSE),"") -> 1874 | N2299: =IFERROR(VLOOKUP(B2299,図書分類!A:B,2,FALSE),"") -> 図書分類 ＞ 文学 | O2299: 江藤文庫 | P2299: 0 | Q2299: 43157
B2300: 18501 | D2300: 臺灣風土記 | G2300: 中村誠徳 | J2300: =IFERROR(VLOOKUP(B2300,出版年!A:B,2,FALSE),"") -> 1940 | N2300: =IFERROR(VLOOKUP(B2300,図書分類!A:B,2,FALSE),"") -> 図書分類 ＞ 文学 | O2300: 江藤文庫 | P2300: 0 | Q2300: 43157
B2301: 18502 | D2301: 臺灣遊記 | G2301: 徳富猪一郎 | J2301: =IFERROR(VLOOKUP(B2301,出版年!A:B,2,FALSE),"") -> 1929 | N2301: =IFERROR(VLOOKUP(B2301,図書分類!A:B,2,FALSE),"") -> 図書分類 ＞ 文学 | O2301: 江藤文庫 | P2301: 0 | Q2301: 43157
... B2410: 18611 | D2410: 高雄要塞重砲兵連隊の想い出 | G2410: 高雄要塞重砲寿山会 | J2410: =IFERROR(VLOOKUP(B2410,出版年!A:B,2,FALSE),"") -> 1972 | N2410: =IFERROR(VLOOKUP(B2410,図書分類!A:B,2,FALSE),"") -> 図書分類 ＞ 社会科学 | O2410: 一般 | P2410: 0 | Q2410: 43157
B2411: 18612 | D2411: 臺灣協會會報 01 | G2411: 臺灣協會 | J2411: =IFERROR(VLOOKUP(B2411,出版年!A:B,2,FALSE),"") -> 1898 | N2411: =IFERROR(VLOOKUP(B2411,図書分類!A:B,2,FALSE),"") -> 逐次刊行物 ＞ 臺灣協會會報 | P2411: 0 | Q2411: 43157
B2412: 18613 | D2412: 臺灣協會會報 02 | G2412: 臺灣協會 | J2412: =IFERROR(VLOOKUP(B2412,出版年!A:B,2,FALSE),"") -> 1899 | N2412: =IFERROR(VLOOKUP(B2412,図書分類!A:B,2,FALSE),"") -> 逐次刊行物 ＞ 臺灣協會會報 | P2412: 0 | Q2412: 43157
B2413: 18614 | D2413: 臺灣協會會報 03 | G2413: 臺灣協會 | J2413: =IFERROR(VLOOKUP(B2413,出版年!A:B,2,FALSE),"") -> 1899 | N2413: =IFERROR(VLOOKUP(B2413,図書分類!A:B,2,FALSE),"") -> 逐次刊行物 ＞ 臺灣協會會報 | P2413: 0 | Q2413: 43157
B2414: 18615 | D2414: 臺灣協會會報 04 | G2414: 臺灣協會 | J2414: =IFERROR(VLOOKUP(B2414,出版年!A:B,2,FALSE),"") -> 1900 | N2414: =IFERROR(VLOOKUP(B2414,図書分類!A:B,2,FALSE),"") -> 逐次刊行物 ＞ 臺灣協會會報 | P2414: 0 | Q2414: 43157
B2415: 18616 | D2415: 臺灣協會會報 05 | G2415: 臺灣協會 | J2415: =IFERROR(VLOOKUP(B2415,出版年!A:B,2,FALSE),"") -> 1900 | N2415: =IFERROR(VLOOKUP(B2415,図書分類!A:B,2,FALSE),"") -> 逐次刊行物 ＞ 臺灣協會會報 | P2415: 0 | Q2415: 43157
B2416: 18617 | D2416: 臺灣協會會報 06 | G2416: 臺灣協會 | J2416: =IFERROR(VLOOKUP(B2416,出版年!A:B,2,FALSE),"") -> 1901 | N2416: =IFERROR(VLOOKUP(B2416,図書分類!A:B,2,FALSE),"") -> 逐次刊行物 ＞ 臺灣協會會報 | P2416: 0 | Q2416: 43157
B2417: 18618 | D2417: 臺灣協會會報 07 | G2417: 臺灣協會 | J2417: =IFERROR(VLOOKUP(B2417,出版年!A:B,2,FALSE),"") -> 1902 | N2417: =IFERROR(VLOOKUP(B2417,図書分類!A:B,2,FALSE),"") -> 逐次刊行物 ＞ 臺灣協會會報 | P2417: 0 | Q2417: 43157
B2418: 18619 | D2418: 臺灣協會會報 08 | G2418: 臺灣協會 | J2418: =IFERROR(VLOOKUP(B2418,出版年!A:B,2,FALSE),"") -> 1902 | N2418: =IFERROR(VLOOKUP(B2418,図書分類!A:B,2,FALSE),"") -> 逐次刊行物 ＞ 臺灣協會會報 | P2418: 0 | Q2418: 43157
B2419: 18620 | D2419: 臺灣協會會報 09 | G2419: 臺灣協會 | J2419: =IFERROR(VLOOKUP(B2419,出版年!A:B,2,FALSE),"") -> 1903 | N2419: =IFERROR(VLOOKUP(B2419,図書分類!A:B,2,FALSE),"") -> 逐次刊行物 ＞ 臺灣協會會報 | P2419: 0 | Q2419: 43157
B2420: 18621 | D2420: 臺灣協會會報 10 | G2420: 臺灣協會 | J2420: =IFERROR(VLOOKUP(B2420,出版年!A:B,2,FALSE),"") -> 1904 | N2420: =IFERROR(VLOOKUP(B2420,図書分類!A:B,2,FALSE),"") -> 逐次刊行物 ＞ 臺灣協會會報 | P2420: 0 | Q2420: 43157
B2421: 18622 | D2421: 臺灣協會會報 11 | G2421: 臺灣協會 | J2421: =IFERROR(VLOOKUP(B2421,出版年!A:B,2,FALSE),"") -> 1905 | N2421: =IFERROR(VLOOKUP(B2421,図書分類!A:B,2,FALSE),"") -> 逐次刊行物 ＞ 臺灣協會會報 | P2421: 0 | Q2421: 43157
B2422: 18623 | D2422: 臺灣協會會報 12 | G2422: 臺灣協會 | J2422: =IFERROR(VLOOKUP(B2422,出版年!A:B,2,FALSE),"") -> 1906 | N2422: =IFERROR(VLOOKUP(B2422,図書分類!A:B,2,FALSE),"") -> 逐次刊行物 ＞ 臺灣協會會報 | P2422: 0 | Q2422: 43157
... B2485: 18686 | D2485: 臺灣銀行職員録 | G2485: 臺灣銀行 | J2485: =IFERROR(VLOOKUP(B2485,出版年!A:B,2,FALSE),"") -> 1908 | N2485: =IFERROR(VLOOKUP(B2485,図書分類!A:B,2,FALSE),"") -> 逐次刊行物 ＞ 臺灣銀行職員録 | P2485: 0 | Q2485: 43157
B2486: 18687 | D2486: 台湾留用者名簿 | J2486: =IFERROR(VLOOKUP(B2486,出版年!A:B,2,FALSE),"") -> 1946 | N2486: =IFERROR(VLOOKUP(B2486,図書分類!A:B,2,FALSE),"") -> 逐次刊行物 ＞ 台湾留用者名簿 | P2486: 0 | Q2486: 43157
B2487: 18688 | D2487: 台湾関係人名簿 | G2487: 愛光新聞社 | J2487: =IFERROR(VLOOKUP(B2487,出版年!A:B,2,FALSE),"") -> 1959 | N2487: =IFERROR(VLOOKUP(B2487,図書分類!A:B,2,FALSE),"") -> 逐次刊行物 ＞ 台湾関係人名簿 | P2487: 0 | Q2487: 43157
B2488: 18689 | D2488: 主要各種団体名鑑 | G2488: 東京都各種団体連合会 | J2488: =IFERROR(VLOOKUP(B2488,出版年!A:B,2,FALSE),"") -> 1965 | N2488: =IFERROR(VLOOKUP(B2488,図書分類!A:B,2,FALSE),"") -> 逐次刊行物 ＞ 主要各種団体名鑑 | P2488: 0 | Q2488: 43157
B2489: 18690 | D2489: 中華民国総覧 | G2489: 台湾研究所 | J2489: =IFERROR(VLOOKUP(B2489,出版年!A:B,2,FALSE),"") -> 1981 | N2489: =IFERROR(VLOOKUP(B2489,図書分類!A:B,2,FALSE),"") -> 逐次刊行物 ＞ 中華民国総覧 | P2489: 0 | Q2489: 43157
B2490: 18691 | D2490: 中華民国総覧 | G2490: 台湾問題研究所 | J2490: =IFERROR(VLOOKUP(B2490,出版年!A:B,2,FALSE),"") -> 1976 | N2490: =IFERROR(VLOOKUP(B2490,図書分類!A:B,2,FALSE),"") -> 逐次刊行物 ＞ 中華民国総覧 | P2490: 0 | Q2490: 43157
B2491: 18692 | D2491: 台湾近現代史研究 01 | G2491: 台湾近現代史研究会 | J2491: =IFERROR(VLOOKUP(B2491,出版年!A:B,2,FALSE),"") -> 1978 | N2491: =IFERROR(VLOOKUP(B2491,図書分類!A:B,2,FALSE),"") -> 逐次刊行物 ＞ 台湾近現代史研究 | P2491: 0 | Q2491: 43157
B2492: 18693 | D2492: 台湾近現代史研究 02 | G2492: 台湾近現代史研究会 | J2492: =IFERROR(VLOOKUP(B2492,出版年!A:B,2,FALSE),"") -> 1979 | N2492: =IFERROR(VLOOKUP(B2492,図書分類!A:B,2,FALSE),"") -> 逐次刊行物 ＞ 台湾近現代史研究 | P2492: 0 | Q2492: 43157
B2493: 18694 | D2493: 台湾近現代史研究 03 | G2493: 台湾近現代史研究会 | J2493: =IFERROR(VLOOKUP(B2493,出版年!A:B,2,FALSE),"") -> 1980 | N2493: =IFERROR(VLOOKUP(B2493,図書分類!A:B,2,FALSE),"") -> 逐次刊行物 ＞ 台湾近現代史研究 | P2493: 0 | Q2493: 43157
B2494: 18695 | D2494: 台湾近現代史研究 04 | G2494: 台湾近現代史研究会 | J2494: =IFERROR(VLOOKUP(B2494,出版年!A:B,2,FALSE),"") -> 1982 | N2494: =IFERROR(VLOOKUP(B2494,図書分類!A:B,2,FALSE),"") -> 逐次刊行物 ＞ 台湾近現代史研究 | P2494: 0 | Q2494: 43157
B2495: 18696 | D2495: 台湾近現代史研究 05 | G2495: 台湾近現代史研究会 | J2495: =IFERROR(VLOOKUP(B2495,出版年!A:B,2,FALSE),"") -> 1984 | N2495: =IFERROR(VLOOKUP(B2495,図書分類!A:B,2,FALSE),"") -> 逐次刊行物 ＞ 台湾近現代史研究 | P2495: 0 | Q2495: 43157
B2496: 18697 | D2496: 台湾近現代史研究 06 | G2496: 台湾近現代史研究会 | J2496: =IFERROR(VLOOKUP(B2496,出版年!A:B,2,FALSE),"") -> 1986 | N2496: =IFERROR(VLOOKUP(B2496,図書分類!A:B,2,FALSE),"") -> 逐次刊行物 ＞ 台湾近現代史研究 | P2496: 0 | Q2496: 43157
B2497: 18698 | D2497: 今日之中國 ｖol.Ⅶ 1～ 6 | G2497: 今日之中国社 | J2497: =IFERROR(VLOOKUP(B2497,出版年!A:B,2,FALSE),"") -> 1969 | N2497: =IFERROR(VLOOKUP(B2497,図書分類!A:B,2,FALSE),"") -> 逐次刊行物 ＞ 今日之中國 | P2497: 0 | Q2497: 43157
...

Sheet 出版年
A1: 図書ID | B1: 出版年
A2: 16204 | B2: 1999
A3: 16205 | B3: 1973
A4: 16206 | B4: 1986
A5: 16207 | B5: 1970
A6: 16208 | B6: 1998
A7: 16209 | B7: 1994
A8: 16210 | B8: 1999
A9: 16211 | B9: 1961
A10: 16212 | B10: 1936
A11: 16213 | B11: 1942
A12: 16214 | B12: 1944
A13: 16215 | B13: 1941
... A6243: 22656 | B6243: 1990
A6244: 22657 | B6244: 不明
A6245: 22658 | B6245: 1973
A6246: 22659 | B6246: 1983
A6247: 22660 | B6247: 1978
A6248: 22661 | B6248: 1979
A6249: 22662 | B6249: 1980
A6250: 22663 | B6250: 1987
A6251: 22664 | B6251: 1987
A6252: 22665 | B6252: 1988
A6253: 22666 | B6253: 1988
A6254: 22667 | B6254: 1989
A6255: 22668 | B6255: 1989
A6256: 22669 | B6256: 1990
... A6523: 22943 | B6523: 2000

Sheet 図書分類
A1: 図書ID | B1: カテゴリ
A2: 16204 | B2: 図書分類 ＞ 総記
A3: 16205 | B3: 図書分類 ＞ 総記
A4: 16206 | B4: 図書分類 ＞ 総記
A5: 16207 | B5: 図書分類 ＞ 総記
A6: 16208 | B6: 図書分類 ＞ 総記
A7: 16209 | B7: 図書分類 ＞ 総記
A8: 16210 | B8: 図書分類 ＞ 総記
A9: 16211 | B9: 図書分類 ＞ 総記
A10: 16212 | B10: 図書分類 ＞ 総記
A11: 16213 | B11: 図書分類 ＞ 総記
A12: 16214 | B12: 図書分類 ＞ 総記
A13: 16215 | B13: 図書分類 ＞ 総記
... A6735: 22943 | B6735: 同窓会 ＞ 同窓会誌等 ＞ 中等学校・高等女学校 ＞ 台北州
